Description

12 worker Standard 16/18/17 opening into ling speed

Build Order

Get SALT Encoding   

  12  0:00  Drone  
  13  0:08  Drone  
  14  0:14  Extractor, Drone  
  15  0:21  Overlord  
  15  0:39  Drone  
  16  0:45  Hatchery  
  16  0:48  Drone x2  
  16  0:56  Drone  
  18  1:05  Extractor  
  17  1:10  Spawning Pool  
  16  1:13  Drone x2  
  18  1:26  Drone  
  21  1:57  Queen x2  
  25  1:58  Zergling x4  
  28  2:09  Overlord  
  28  2:10  Metabolic Boost  
  31  2:37  Hatchery  
  31  2:44  Overlord  
  32  2:51  Queen  
  38  3:09  Overlord  
  40  3:15  Queen  
  44  3:31  Queen  
  48  3:38  Overlord  
  52  3:54  Queen  
  58  3:59  Zergling x6  
  61  4:08  Zergling x2  
  61  4:09  Queen  
  70  4:20  Queen  
  73  4:28  Extractor  
  73  4:33  Lair  
  80  4:46  Extractor  
  82  4:54  Extractor  
  82  4:55  Baneling Nest  
  82  4:56  Spore Crawler x3  
  85  5:17  Hatchery  
  84  5:24  Evolution Chamber x2  
  84  5:26  Zergling x8  
  91  5:33  Overseer  
  101  5:53  Centrifugal Hooks  
  108  6:06  Hatchery  
  108  6:08  Queen  
  114  6:20  Baneling  
  120  6:33  Baneling x7  
  126  6:49  Spore Crawler  
  150  7:28  Spore Crawler, Hatchery  
  164  7:40  Infestation Pit  
Spawning Tool Build Advisor. Get it on Overwolf

Go to:

Details

  • Created by: Redwood
  • Published on: Oct 03, 2026
  • Modified on: Oct 08, 2026
  • Patch: 5.0.16
  • Difficulty: Medium
Show
View Real Time Build Order
Export as new Build Order

Comments (0)

There are no comments. Be the first!

Create an account to comment!